 Dungeon Crawl Stone Soup version 0.26-a0-639-g72c4674329 (webtiles) character file.

Game seed: 18171068634250457164

17717 Apogee the Grappler (level 12, -8/123 HPs)
             Began as a Troll Berserker on Sept 25, 2020.
             Was an Elder of Trog.
             Mangled by a warg (14 damage)
             ... on level 2 of the Orcish Mines.
             The game lasted 00:17:59 (10780 turns).

Apogee the Grappler (Troll Berserker)              Turns: 10780, Time: 00:18:00

Health: -8/123     AC:  8    Str: 28    XL:     12   Next: 21%
Magic:  11/11      EV: 14    Int:  3    God:    Trog [****..]
Gold:   171        SH:  0    Dex: 13    Spells: 11/11 levels left

rFire    . . .     SeeInvis .     - Unarmed
rCold    . . .     Faith    .   (no shield)
rNeg     + . .     Spirit   .   H - +0 troll leather armour
rPois    .         Reflect  .   (helmet restricted)
rElec    .         Harm     .   M - scarf {shadows}
rCorr    .         Rampage  .   (gloves unavailable)
MR       .....                  (boots unavailable)
Stlth    +.........             (no amulet)
HPRegen  1.10/turn              l - ring of positive energy
MPRegen  0.12/turn              (no ring)

@: berserk cooldown, slowed, very slow
A: large, unfitting armour, claws 3, regeneration 1, shaggy fur 1, tough skin 3
a: Berserk, Trog's Hand, Brothers in Arms, Renounce Religion


You were on level 2 of the Orcish Mines.
You worshipped Trog.
Trog was greatly pleased with you.
You visited 2 branches of the dungeon, and saw 13 of its levels.

You collected 561 gold pieces.
You spent 390 gold pieces at shops.

Inventory:

Hand Weapons
 a - a +4 quick blade of draining
   (Trog gifted it to you on level 8 of the Dungeon)
Missiles
 j - 286 stones
 k - 2 throwing nets {!f}
 m - 14 poisoned darts
 w - 13 boomerangs
 L - 9 large rocks (quivered)
Armour
 e - a +0 cloak
   (You found it on level 1 of the Dungeon)
 E - a +0 animal skin
 H - a +0 troll leather armour (worn)
   (You found it on level 9 of the Dungeon)
 M - a scarf of shadows (worn)
   (You found it on level 11 of the Dungeon)
Jewellery
 l - a ring of positive energy (left claw)
   (You found it on level 2 of the Dungeon)
 o - an uncursed ring of protection from magic {unknown}
   (You found it on level 3 of the Dungeon)
 r - an uncursed ring of poison resistance {unknown}
   (You found it on level 4 of the Dungeon)
 v - an uncursed ring of see invisible {unknown}
   (You found it on level 4 of the Dungeon)
 F - a cursed ring of attention {unknown}
   (You found it on level 8 of the Dungeon)
 N - a cursed amulet of inaccuracy {unknown}
   (You found it on level 11 of the Dungeon)
Wands
 y - a wand of enslavement (13)
   (You found it on level 6 of the Dungeon)
Scrolls
 b - 17 scrolls of identify {@r1}
 d - 7 scrolls of teleportation {@r4}
 h - a scroll of magic mapping
 p - 10 scrolls of remove curse {unknown}
 q - 3 scrolls of immolation {unknown}
 t - 2 scrolls of enchant armour {unknown}
 x - 3 scrolls of vulnerability {unknown}
 z - 2 scrolls of summoning {unknown}
 C - 2 scrolls of random uselessness
 G - a scroll of enchant weapon {unknown}
 K - 3 scrolls of amnesia {unknown}
Potions
 c - 7 potions of curing {unknown}
 f - 2 potions of brilliance {unknown}
 g - 4 potions of heal wounds {unknown}
 i - a potion of mutation {unknown}
 n - 2 potions of resistance {unknown}
 s - a potion of ambrosia {unknown}
 u - a potion of stabbing {unknown}
 A - a potion of might {unknown}
 B - 2 potions of flight {unknown}
 D - a potion of lignification {unknown}
 I - a potion of magic {unknown}


   Skills:
 + Level 9.0 Fighting
 * Level 9.6 Throwing
 + Level 8.5 Dodging
 + Level 10.7 Unarmed Combat


You had 11 spell levels left.
You didn't know any spells.
Your spell library was empty.

Dungeon Overview and Level Annotations

Branches:
Dungeon (11/15)            Temple (0/1) D:5            Lair (0/6) D:9
    Orc (1/2) D:11            Elf (0/3) Orc:2

Altars:
Ashenzari
Fedhas
Nemelex Xobeh
Okawaru
Qazlal
Ru
Wu Jian
Yredelemnul
Zin

Shops:
D:9 (?**[

Annotations:
D:4 exclusion: oklob plant


Innate Abilities, Weirdness & Mutations

You are too large for most types of armour.
You have claws for hands.
Your natural rate of healing is unusually fast.
You are covered in fur. (AC +1)
You have extremely tough skin. (AC +3)


Message History

You feel a strong urge to attack something.
An orc wizard comes into view. It is wielding a -1 dagger.
The orc knight hits you but does no damage.
You are no longer berserk.
You are exhausted.
You feel yourself slow down.
The orc wizard points at you and mumbles some strange words.
The magic dart hits you!
* * * LOW HITPOINT WARNING * * *
An orc comes into view. It is wielding a +0 war axe.
The orc priest invokes the aid of Beogh against you.
Beogh smites you!
* * * LOW HITPOINT WARNING * * *
The orc wizard gestures wildly while chanting.
The orc wizard flickers and vanishes!
Deactivating autopickup; reactivate with Ctrl-A.
The orc priest looks braver for a moment.
The warg bites you!
* * * LOW HITPOINT WARNING * * *
Found a stone staircase leading up.
As you read the scroll of fog, it crumbles to dust.
The scroll dissolves into smoke.
The warg stops to sniff the ground.
The warg bites you!
* * * LOW HITPOINT WARNING * * *
The orc wizard casts a spell.
The orc wizard flickers and vanishes!
The orc hits you but does no damage. The orc warrior barely misses you.
The orc priest miscasts a cantrip.
The warg barely misses you. The orc hits you but does no damage.
An orc wizard comes into view. It is wielding a +0 dagger.
The orc knight closely misses you.
An orc warrior comes into view. It is wielding a +0 mace.
The orc warrior hits you with a +0 dire flail!
* * * LOW HITPOINT WARNING * * *
The orc warrior misses you.
Found 23 gold pieces.
Found a stone staircase leading up.
The orc knight hits you with a +3 dire flail!
* * * LOW HITPOINT WARNING * * *
The warg barely misses you.
Found 22 gold pieces.
The warg bites you.
* * * LOW HITPOINT WARNING * * *
The orc warrior no longer looks unusually strong.
The warg closely misses you.
The orc knight hits you with a +3 dire flail.
* * * LOW HITPOINT WARNING * * *
The warg bites you!
You die...

*,,,,,,,........$.##*,*,*
*,,,,..$...$.......##*,,,
**,........§.........##*,*
**,,........§§.#.......##**
****,,,........§§§#§§§.....##*
**,**,,,........§§§§§§§......#.
*,,,,,,*........§oo§§§§o.......
**,**,**#......o.{o§§oo.......#
****** **#..<@h.oo§#.§......##
#$...o.oo#...........
##.#....##o{.o.......
###<...#.....#...... ***
#.....##...#....... **,**
#......,,,.o*,*,,,,
*,,,**#..#....,,,,**,,,,,
**,,***,,,,,,,,,*,****,,,,
*,,,,**,,,*,*,,,,** **,,,


You could see an orc knight, a warg, 3 orc warriors, an orc priest, an orc
wizard and 3 orcs.

Vanquished Creatures
  Josephine (D:9)
  2 two-headed ogres
  An unseen horror (D:10)
  A skeletal warrior (D:9)
  An ugly thing (D:9)
  An orc sorcerer (Orc:2)
  3 cyclopes (D:11)
  A freezing wraith (D:9)
  4 trolls
  A hippogriff (D:11)
  4 flying skulls
  A wyvern (D:11)
  11 yaks (D:10)
  4 wraiths (D:9)
  2 water moccasins
  A hornet zombie (D:7)
  8 orc warriors
  3 ice beasts
  2 phantoms
  A black bear (D:7)
  3 necrophages
  3 sky beasts
  6 centaurs
  10 ogres
  6 big kobolds
  5 bullfrogs
  A gnoll sergeant (D:11)
  2 scorpions (D:11)
  4 killer bees
  2 water moccasin skeletons (D:9)
  22 wights
  3 howler monkeys
  4 bullfrog zombies
  A centaur zombie (D:6)
  A quasit (D:10)
  4 hounds
  4 orc priests
  2 jellies
  11 orc wizards
  6 bullfrog skeletons
  4 centaur skeletons
  5 iguanas
  7 worker ants
  2 killer bee zombies
  2 hound zombies
  5 hound skeletons
  4 worker ant zombies (D:9)
  A gnoll (D:11)
  12 adders
  A howler monkey skeleton (D:9)
  A shadow imp (D:5)
  6 white imps
  2 ufetubi
  An ooze (D:3)
  2 adder zombies
  An adder skeleton (D:4)
  A worm (D:2)
  4 dart slugs
  A leopard gecko (D:7)
  45 orcs
  6 bats
  8 giant cockroaches
  4 goblins
  11 hobgoblins
  12 jackals
  17 kobolds
  5 quokkas
  6 ball pythons
  4 frilled lizards
  A leopard gecko skeleton (D:5)
  A leopard gecko zombie (D:7)
  4 rats
339 creatures vanquished.

Vanquished Creatures (collateral kills)
  A death knight (D:10)
  An ugly thing (D:11)
  2 freezing wraiths (D:10)
  A wraith (D:10)
  A sky beast (D:10)
  2 killer bees (D:11)
  An adder skeleton (D:9)
9 creatures vanquished.

Vanquished Creatures (others)
  3 plants (D:6)
3 creatures vanquished.

Grand Total: 351 creatures vanquished

Notes
Turn   | Place    | Note
-------+----------+-------------------------------------------
     0 | D:1      | Apogee the Troll Berserker began the quest for the Orb.
     0 | D:1      | Reached XP level 1. HP: 22/22 MP: 0/0
    93 | D:1      | Reached XP level 2. HP: 29/29 MP: 1/1
   218 | D:1      | Reached ** piety under Trog
   512 | D:2      | Reached XP level 3. HP: 31/36 MP: 2/2
   983 | D:2      | Found an iron altar of Okawaru.
  1054 | D:3      | Noticed a centaur
  1063 | D:3      | Killed a centaur
  1063 | D:3      | Reached skill level 4 in Unarmed Combat
  1063 | D:3      | Reached XP level 4. HP: 18/45 MP: 3/3
  1247 | D:3      | Reached XP level 5. HP: 49/53 MP: 4/4
  1588 | D:3      | Reached *** piety under Trog
  1830 | D:4      | Reached XP level 6. HP: 62/62 MP: 5/5
  1872 | D:4      | Reached skill level 5 in Unarmed Combat
  2020 | D:4      | Found a blossoming altar of Fedhas.
  2038 | D:4      | Noticed an oklob plant
  2202 | D:4      | Reached XP level 7. HP: 68/71 MP: 6/6
  2358 | D:5      | Entered Level 5 of the Dungeon
  2398 | D:5      | Found a staircase to the Ecumenical Temple.
  2566 | D:5      | Reached skill level 5 in Fighting
  2566 | D:5      | Reached skill level 6 in Unarmed Combat
  3089 | D:6      | Reached **** piety under Trog
  3298 | D:6      | Found an ornate altar of the Wu Jian Council.
  3329 | D:6      | Reached XP level 8. HP: 69/80 MP: 7/7
  4160 | D:6      | Reached skill level 7 in Unarmed Combat
  4202 | D:7      | Reached skill level 5 in Dodging
  4675 | D:7      | Found a sparkling altar of Nemelex Xobeh.
  4691 | D:7      | Reached XP level 9. HP: 65/92 MP: 8/8
  4795 | D:7      | Reached ***** piety under Trog
  4919 | D:7      | Found a shattered altar of Ashenzari.
  4965 | D:7      | Reached skill level 1 in Throwing
  5098 | D:7      | Reached skill level 8 in Unarmed Combat
  5324 | D:8      | Noticed a two-headed ogre
  5333 | D:8      | Killed a two-headed ogre
  5453 | D:8      | Received a gift from Trog
  5558 | D:8      | Found a glowing silver altar of Zin.
  5672 | D:8      | Reached XP level 10. HP: 100/102 MP: 9/9
  5987 | D:8      | Reached skill level 5 in Throwing
  6459 | D:9      | Found a sacrificial altar of Ru.
  6639 | D:9      | Found Kicrok's Magic Scroll Shoppe.
  6750 | D:9      | Bought a scroll of identify for 22 gold pieces
  6750 | D:9      | Bought a scroll of brand weapon for 220 gold pieces
  6908 | D:9      | Found Misiowne's General Store.
  6919 | D:9      | Reached skill level 9 in Unarmed Combat
  6922 | D:9      | Bought a scroll of teleportation for 48 gold pieces
  6922 | D:9      | Bought a scroll of random uselessness for 16 gold pieces
  6922 | D:9      | Bought a scroll of magic mapping for 56 gold pieces
  6945 | D:9      | Found Lesche's General Store.
  6947 | D:9      | Found a staircase to the Lair.
  6955 | D:9      | Bought a scroll of fog for 28 gold pieces
  7036 | D:9      | Found Ysootac's Armour Boutique.
  7119 | D:9      | Found a basalt altar of Yredelemnul.
  7190 | D:9      | Noticed a red ugly thing
  7202 | D:9      | Killed a red ugly thing
  7230 | D:9      | Noticed a skeletal warrior
  7240 | D:10     | Entered Level 10 of the Dungeon
  7515 | D:10     | Found a stormy altar of Qazlal.
  7678 | D:9      | Received a gift from Trog
  7687 | D:9      | Noticed Josephine
  7757 | D:9      | Killed Josephine
  7772 | D:9      | Reached XP level 11. HP: 97/111 MP: 10/10
  7863 | D:9      | Killed a skeletal warrior
  8000 | D:9      | Found Hofem's Antique Weapon Shop.
  8110 | D:10     | Noticed a death knight
  8576 | D:10     | Reached skill level 10 in Unarmed Combat
  8659 | D:10     | Killed a death knight
  8668 | D:10     | HP: 5/113 [freezing wraith[a death knight] (2)]
  8985 | D:11     | Noticed a two-headed ogre
  8986 | D:11     | Noticed a white ugly thing
  9154 | D:10     | Killed an unseen horror
  9713 | D:11     | Killed a two-headed ogre
  9940 | D:11     | Reached XP level 12. HP: 115/122 MP: 11/11
 10237 | D:11     | Found a staircase to the Orcish Mines.
 10733 | Orc:1    | Entered Level 1 of the Orcish Mines
 10760 | Orc:1    | You fall into a shaft and drop 1 floor!
 10760 | Orc:2    | Entered Level 2 of the Orcish Mines
 10776 | Orc:2    | HP: 5/123 [orc knight/+3 dire flail (9)]
 10780 | Orc:2    | Mangled by a warg

Illustrated notes

Levels and vault maps discovered:
D:1:      lightli_arrival_noodles, layout_basic
D:2:      layout_loops_ring, kennysheep_okawaru_gauntlet
D:3:      layout_basic, st_stairs_14, minmay_unequal
D:4:      layout_rooms, tgw_fedhas
D:5:      layout_rooms, minmay_temple_entry_gardened_gates,
          serial_co_window_serial, co_window_corner_a, co_window_corner_a,
          co_window_paths_b, co_window_paths_b, co_window_corner_a,
          co_window_2corner, co_window_corner_b, co_window_broadway_c,
          co_window_paths_c, co_window_broadway_a, glass_columns_b,
          glass_columns_c, glass_columns_b, glass_columns_b, glass_columns_c
D:6:      layout_loops_corners, lemuel_doored_altar, serial_bayou_pond_d
D:7:      layout_basic, evilmike_ruin_ashenzari, kennysheep_little_box,
          minmay_misc_feat_x
D:8:      nicolae_whirlpool, layout_basic, zin_statuary
D:9:      hangedman_screamer, layout_layer_cave, kennysheep_mini_moat,
          lair_entry_dummy, serial_shops, nicolae_shop_trees, shop, shop, shop,
          shop, basic_altar, chequers_serial_rivers_micro_d
D:10:     layout_irregular_city, basic_altar, kennysheep_generic_room_6
D:11:     layout_long_grid, kennysheep_orc_monster_closet_entryway, minivault_19
Orc:1:    layout_diamond_mine, small_statue_alley_c, uniq_snorg
Orc:2:    pf_orc_diabolical, layout_caves, serial_shops, shop

Skill      XL: |  1  2  3  4  5  6  7  8  9 10 11 12 |
---------------+-------------------------------------+-----
Fighting       | 3 4 5 6 7 8 9 |  9.0
Unarmed Combat | 4 5 6 7 8 9 10 | 10.7
Dodging        | 3 4 5 6 7 8 |  8.5
Throwing       | 4 7 9 |  9.6

Action                   |  1- 3 |  4- 6 |  7- 9 | 10-12 || total
-------------------------+-------+-------+-------+-------++-------
Melee: Unarmed           |    75 |   110 |   345 |   515 ||  1045
       Punch             |       |     1 |    13 |    32 ||    46
Throw: Boomerang         |       |       |     9 |    25 ||    34
       Large rock        |       |       |       |     1 ||     1
Invok: Berserk           |     1 |     2 |     8 |    13 ||    24
       Brothers in Arms  |       |       |       |     6 ||     6
  Use: Scroll            |       |       |       |     3 ||     3
 Stab: Sleeping          |       |       |     2 |       ||     2
Armor: Animal skin       |    42 |    46 |    96 |     7 ||   191
       Troll leather arm |       |       |       |   147 ||   147
Dodge: Dodged            |    53 |    54 |   168 |   377 ||   652

Table legend: (Time is in decaauts)
 A = Elapsed time spent in this place.
 B = Non-inter-level travel time spent in this place.
 C = Inter-level travel time spent in this place.
 D = Time resting spent in this place.
 E = Time spent auto-exploring this place.
 F = Levels seen in this place.
 G = Mean time per level.
                   A        B        C        D        E       F      G
               +--------+--------+--------+--------+--------+-----+--------+
         Total |  10867 |  10484 |    383 |   1264 |   6900 |  13 |  835.9 |
       Dungeon |  10821 |  10438 |    383 |   1264 |   6877 |  11 |  983.7 |
  Orcish Mines |     45 |     45 |      0 |      0 |     23 |   2 |   22.5 |
               +--------+--------+--------+--------+--------+-----+--------+

Top non-repeatable levels by time:
    D:10: 1622 daAuts
     D:9: 1475 daAuts
     D:8: 1236 daAuts
    D:11: 1219 daAuts
     D:6: 1123 daAuts
     D:7: 1066 daAuts
     D:5: 707 daAuts
     D:3: 695 daAuts
     D:2: 628 daAuts
     D:4: 627 daAuts
     D:1: 419 daAuts
   Orc:1: 26 daAuts
   Orc:2: 19 daAuts
